 Dungeon Crawl Stone Soup version 0.27-a0-860-gaf99fae3ca (webtiles) character file.

Game seed: 13225839436065117623

60 robertstho the Sneak (level 3, -11/36 HPs)
             Began as a Troll Delver on Apr 1, 2021.
             Was an Initiate of Trog.
             Mangled by an ice beast (14 damage)
             ... on level 5 of the Dungeon.
             The game lasted 00:00:34 (68 turns).

robertstho the Sneak (Troll Delver)                   Turns: 68, Time: 00:00:35

Health: -11/36     AC:  4    Str: 21    XL:     3   Next: 82%
Magic:  2/2        EV: 10    Int:  6    God:    Trog [......]
Gold:   14         SH:  0    Dex: 11    Spells: 2/2 levels left

rFire    . . .     SeeInvis .     - Unarmed
rCold    . . .     Faith    .   (no shield)
rNeg     . . .     Spirit   .   a - +0 robe
rPois    .         Reflect  .   (helmet restricted)
rElec    .         Harm     .   (no cloak)
rCorr    .         Rampage  .   (gloves unavailable)
Will     .....                  (boots unavailable)
Stlth    ++........             (no amulet)
HPRegen  1.12/turn              (no ring)
MPRegen  0.08/turn              (no ring)

@: hasted, very quick
A: large, unfitting armour, claws 3, regeneration 1, shaggy fur 1, tough skin 1
a: Renounce Religion


You were on level 5 of the Dungeon.
You worshipped Trog.
Trog was noncommittal.
You visited 1 branch of the dungeon, and saw 1 of its levels.

You collected 14 gold pieces.

Inventory:

Armour
 a - a +0 robe (worn)
Wands
 f - a wand of digging (3)
Scrolls
 b - a scroll of fog
 c - a scroll of magic mapping
 d - a scroll of fear


   Skills:
 * Level 2.9 Fighting
 + Level 1.7 Dodging
 + Level 3.2 Stealth
 * Level 2.4 Unarmed Combat


You had 2 spell levels left.
You didn't know any spells.
Your spell library was empty.

Dungeon Overview and Level Annotations

Branches:
Dungeon (5/15)
 Temple: D:4-7

Altars:
Trog


Innate Abilities, Weirdness & Mutations

You are too large for most types of armour.
You have claws for hands.
Your natural rate of healing is unusually fast.
You are covered in fur. (AC +1)
You have tough skin. (AC +1)


Message History

HP restored.
Found a stone staircase leading down.
You now have 6 gold pieces.
An ice beast comes into view.
An ice beast is nearby!
An ice beast is nearby!
An ice beast is nearby!
No target in view!
No target in view!
No target in view!
Found 7 gold pieces.
You see here 8 gold pieces.
You now have 14 gold pieces (gained 8).
You barely miss the ice beast. The ice beast barely misses you.
You barely miss the ice beast. The ice beast hits you.
The ice beast freezes you!
You barely miss the ice beast.
The ice beast hits you but does no damage.
You barely miss the ice beast. The ice beast barely misses you.
You closely miss the ice beast. The ice beast barely misses you.
You scratch the ice beast.
The ice beast is lightly wounded.
The ice beast hits you. The ice beast freezes you!
You are too injured to fight recklessly!
You are too injured to fight recklessly!
You are too injured to fight recklessly!
You scratch the ice beast.
The ice beast is lightly wounded.
The ice beast closely misses you.
You scratch the ice beast.
The ice beast is moderately wounded.
The ice beast hits you. The ice beast freezes you!
* * * LOW HITPOINT WARNING * * *
You barely miss the ice beast.
The ice beast is moderately wounded.
The ice beast closely misses you.
You feel yourself speed up. The ice beast hits you.
* * * LOW HITPOINT WARNING * * *
The ice beast freezes you!
You die...

.. . ## ###. .# .$#
..... . ...# #....
.###...##
####..##........
#.#......Y......
.......@###...
##.#....#.#..#
#...........#
..#...........###
................##
..........#.##....#
...........###....#
.........##....###
....>....#......#


You could see an ice beast.

Vanquished Creatures
  A scorpion (D:5)
1 creature vanquished.

Notes
Turn   | Place    | Note
-------+----------+-------------------------------------------
     0 | D:5      | robertstho the Troll Delver began the quest for the Orb.
     0 | D:5      | Reached XP level 1. HP: 22/22 MP: 0/0
     3 | D:5      | Found a bloodstained altar of Trog.
    11 | D:5      | Became a worshipper of Trog the Wrathful
    22 | D:5      | Noticed a scorpion
    29 | D:5      | Killed a scorpion
    30 | D:5      | Reached skill level 3 in Stealth
    30 | D:5      | Reached XP level 2. HP: 25/29 MP: 1/1
    30 | D:5      | Reached XP level 3. HP: 31/36 MP: 2/2
    49 | D:5      | Noticed an ice beast
    68 | D:5      | Mangled by an ice beast

Illustrated notes

Levels and vault maps discovered:
D:5:      layout_cave_pools, bloody_trog, lemuel_round_altar, lemuel_tele_altar

Skill      XL: |  1 |
---------------+----+-----
Stealth        | 3 |  3.2
Fighting       | |  2.9
Dodging        | |  1.7
Unarmed Combat | |  2.4

Action                   || total
-------------------------++-------
Melee: Unarmed           ||    13
  Use: Potion            ||     1
Armor: Robe              ||     2
Dodge: Dodged            ||     7

Table legend: (Time is in decaauts)
 A = Elapsed time spent in this place.
 B = Non-inter-level travel time spent in this place.
 C = Inter-level travel time spent in this place.
 D = Time resting spent in this place.
 E = Time spent auto-exploring this place.
 F = Levels seen in this place.
 G = Mean time per level.
                   A        B        C        D        E       F      G
               +--------+--------+--------+--------+--------+-----+--------+
         Total |     67 |     67 |      0 |      0 |     36 |   1 |   67.0 |
       Dungeon |     67 |     67 |      0 |      0 |     36 |   1 |   67.0 |
               +--------+--------+--------+--------+--------+-----+--------+

Top non-repeatable levels by time:
     D:5: 67 daAuts
